 Dungeon Crawl Stone Soup version 0.26.1-11-gd32895ea62 (webtiles) character file.

Game seed: 13846201819779186461

526 ubername the Slasher (level 7, -7/56 HPs)
             Began as a Barachi Monk on July 7, 2021.
             Was a Believer of Vehumet.
             Killed by divine providence
             ... invoked by an orc priest
              (10 damage)
             ... on level 4 of the Dungeon.
             The game lasted 00:11:46 (5941 turns).

ubername the Slasher (Barachi Monk)                 Turns: 5941, Time: 00:11:49

Health: -7/56      AC:  5    Str: 12    XL:     7   Next: 23%
Magic:  7/7        EV: 15    Int: 12    God:    Vehumet [**....]
Gold:   220        SH:  0    Dex: 15    Spells: 5/6 levels left

rFire    . . .     SeeInvis .   p - +0 long sword
rCold    + . .     Faith    .   (no shield)
rNeg     . . .     Spirit   .   b - +0 robe
rPois    +         Reflect  .   o - +0 helmet
rElec    .         Harm     .   (no cloak)
rCorr    .         Rampage  .   m - +0 pair of gloves
Will     .....                  k - +0 pair of boots
Stlth    ++........             (no amulet)
HPRegen  0.18/turn              (no ring)
MPRegen  0.10/turn              (no ring)

@: slow
A: +LOS, swims, talons 1, cold resistance 1, poison resistance, slowness 1,
subdued magic 1, strong legs 1
a: Hop, Renounce Religion


You were on level 4 of the Dungeon.
You worshipped Vehumet.
Vehumet was pleased with you.
You visited 2 branches of the dungeon, and saw 5 of its levels.

You collected 220 gold pieces.

Inventory:

Hand Weapons
 p - a +0 long sword (weapon)
 t - a +1 short sword of freezing
 u - a +2 short sword of holy wrath
Missiles
 a - 36 poisoned darts (quivered)
 c - 49 sling bullets
 h - 153 stones
 q - 9 boomerangs
Armour
 b - a +0 robe (worn)
 f - a cursed +0 leather armour
 i - a cursed +0 robe
 k - a +0 pair of boots (worn)
 m - a +0 pair of gloves (worn)
 o - a +0 helmet (worn)
 z - the +1 robe "Fuics" {*Contam +Blink Int+6, unknown}
   (You found it on level 4 of the Dungeon)

   It affects your intelligence (+6).
   It lets you blink.
   It causes magical contamination when unequipped.
Jewellery
 g - an uncursed ring of fire {unknown}
 r - an uncursed amulet of magic regeneration {unknown}
 x - an uncursed ring of poison resistance {unknown}
 y - an uncursed ring of wizardry {unknown}
Scrolls
 d - 2 scrolls of teleportation
 n - a scroll of enchant armour {unknown}
 s - 2 scrolls of remove curse
 v - a scroll of identify
 w - a scroll of blinking {unknown}
Potions
 j - a potion of might {unknown}
 l - a potion of cancellation {unknown}


   Skills:
 + Level 5.3 Fighting
 + Level 6.9 Long Blades
 + Level 2.2 Throwing
 + Level 4.7 Dodging
 + Level 2.5 Stealth


You had 5 spell levels left.
You knew the following spells:

 Your Spells              Type           Power        Failure   Level
a - Foxfire               Conj/Fire      0%           28%         1

Your spell library contained the following spells:

 Spells                   Type           Power        Failure   Level
 Searing Ray              Conj           0%           41%         2


Dungeon Overview and Level Annotations

Branches:
Dungeon (4/15)             Temple (1/1) D:4

Altars:
Cheibriados
Dithmenos
Elyvilon
Fedhas
Hepliaklqana
Makhleb
Nemelex Xobeh
Okawaru
Qazlal
Ru
Trog
Uskayaw
Vehumet
Wu Jian
Yredelemnul
Zin
The Shining One
Beogh

Annotations:
D:3 3 runed translucent doors, phalm's ghost, amateur DsCj


Innate Abilities, Weirdness & Mutations

You can be seen from farther away. (+LOS)
You can swim through water.
You cover ground slowly.
You can hop short distances.
You have sharp toenails.
Your flesh is cold resistant. (rC+)
Your system is resistant to poisons. (rPois)
Your spells are a little easier to cast, but a little less powerful.


Message History

The orc priest is moderately wounded.
You hit the orc priest.
The orc priest is severely wounded.
The orc priest hits you.
The orc priest hits you but does no damage.
You hit the orc priest but do no damage.
The orc priest is severely wounded.
The orc priest calls upon Beogh to heal the orc priest.
The orc priest is healed somewhat.
The orc priest calls down the wrath of Beogh upon you.
Beogh smites you!
* * * LOW HITPOINT WARNING * * *
You hit the orc priest.
The orc priest is heavily wounded.
The orc priest mumbles some strange prayers to Beogh against you.
Beogh smites you!
* * * LOW HITPOINT WARNING * * *
The orc priest mumbles some strange prayers to Beogh against you.
Beogh smites you!
You die...

### ..# #####
#.#############...#
#>##..............#
#.............#...##########
.........#..................
...#.##)#####...............
...#.##)# ####@o####(####o
...#.##)# #o.# o. .#.#.##)#
#.((# ..# .#.#.##.# #.#.# .#
.....##.## #.#.( ..
.....#...# ....#. .
.....#.#.# .....#(
....##.#.## ##....# .
#...#..#..# ##...# ## ###


You could see 2 orc priests.

Vanquished Creatures
  Sigmund (D:4)
  A phantom (D:4)
  A howler monkey (D:4)
  An orc wizard (D:4)
  A worker ant (D:4)
  A hound skeleton (D:2)
  5 adders
  A shadow imp (D:4)
  An ooze (D:2)
  3 worms
  A dart slug (D:4)
  2 leopard geckos (D:2)
  10 orcs
  10 bats
  5 giant cockroaches
  12 goblins
  12 hobgoblins
  8 jackals
  10 kobolds
  5 frilled lizards
  6 rats
97 creatures vanquished.

Notes
Turn   | Place    | Note
-------+----------+-------------------------------------------
     0 | D:1      | ubername the Barachi Monk began the quest for the Orb.
     0 | D:1      | Reached XP level 1. HP: 18/18 MP: 1/1
   384 | D:1      | Reached XP level 2. HP: 25/25 MP: 2/2
   401 | D:1      | Reached skill level 4 in Long Blades
  1287 | D:2      | Reached XP level 3. HP: 23/30 MP: 3/3
  1540 | D:2      | Found a white marble altar of Elyvilon.
  1769 | D:2      | Reached XP level 4. HP: 18/37 MP: 4/4
  3043 | D:3      | Gained mutation: You are frail. (-10% HP) [potion of
                  | mutation]
  3043 | D:3      | Gained mutation: Your flesh is cold resistant. (rC+)
                  | [potion of mutation]
  3043 | D:3      | Gained mutation: Your spells are a little easier to cast,
                  | but a little less powerful. [potion of mutation]
  3043 | D:3      | Gained mutation: You are covered in fur. (AC +1) [potion of
                  | mutation]
  3044 | D:3      | Lost mutation: You are frail. (-10% HP) [potion of
                  | mutation]
  3044 | D:3      | Lost mutation: You are covered in fur. (AC +1) [potion of
                  | mutation]
  3044 | D:3      | Gained mutation: Your system is resistant to poisons.
                  | (rPois) [potion of mutation]
  3044 | D:3      | Gained mutation: You have sharp toenails. [potion of
                  | mutation]
  3058 | D:3      | Reached skill level 5 in Long Blades
  3212 | D:3      | Reached XP level 5. HP: 43/43 MP: 5/5
  3552 | D:3      | Found a runed translucent gate.
  3553 | D:3      | Found a runed translucent gate.
  3554 | D:3      | Found a runed translucent gate.
  3554 | D:3      | Identified the +3 whip "Titren" {pain, +Rage rPois rF++
                  | Will-}
  3555 | D:3      | Noticed phalm's ghost (amateur DsCj)
  3556 | D:3      | Found a roughly hewn altar of Beogh.
  3723 | D:4      | Found a sacrificial altar of Ru.
  3815 | D:4      | Reached skill level 1 in Throwing
  4117 | D:4      | Reached XP level 6. HP: 49/49 MP: 6/6
  4117 | D:4      | Noticed a phantom
  4339 | D:4      | Noticed Sigmund
  4462 | D:4      | Found a staircase to the Ecumenical Temple.
  4471 | Temple   | Entered the Ecumenical Temple
  4556 | Temple   | Became a worshipper of Vehumet
  4556 | Temple   | Reached * piety under Vehumet
  4556 | Temple   | Offered knowledge of Foxfire by Vehumet.
  4556 | Temple   | Reached ** piety under Vehumet
  4566 | Temple   | Learned a level 1 spell: Foxfire
  4692 | D:4      | Offered knowledge of Searing Ray by Vehumet.
  5218 | D:4      | Got a smoking robe
  5249 | D:4      | Killed a phantom
  5250 | D:4      | Reached skill level 6 in Long Blades
  5573 | D:4      | Killed Sigmund
  5574 | D:4      | Reached skill level 5 in Fighting
  5574 | D:4      | Reached XP level 7. HP: 16/56 MP: 7/7
  5941 | D:4      | Killed from afar by an orc priest

Illustrated notes

Levels and vault maps discovered:
D:1:      dpeg_arrival_shelter, layout_loops_ring, kennysheep_crisscross,
          wad_floor_pattern_1, chequers_serial_rivers_small_b
D:2:      layout_rooms, lemuel_doored_altar
D:3:      layout_basic, grunt_gozag_breadcrumbs, biasface_ghost_orc_armoury
D:4:      minmay_general_purpose_star, layout_loops_ring, old_standard_altar,
          minmay_temple_entry_statues_fountains, nicolae_ru_awakened_eye,
          uniq_sigmund
Temple:   nicolae_temple_elliptical

Skill      XL: |  1  2  3  4  5  6 |
---------------+-------------------+-----
Long Blades    | 4 5 6 |  6.9
Fighting       | 4 5 |  5.3
Stealth        | 2 |  2.5
Dodging        | 4 |  4.7
Throwing       | 1 2 |  2.2

Action                   |  1- 3 |  4- 6 |  7- 9 || total
-------------------------+-------+-------+-------++-------
Melee: Falchion          |   119 |    77 |       ||   196
       Long sword        |       |   143 |    34 ||   177
       Short sword       |       |     7 |       ||     7
Throw: Javelin           |       |    39 |     2 ||    41
       Dart              |       |     3 |       ||     3
  Use: Potion            |     3 |     5 |       ||     8
       Scroll            |       |     7 |       ||     7
 Stab: Sleeping          |     1 |     3 |       ||     4
Armor: Robe              |    20 |    47 |     8 ||    75
Dodge: Dodged            |    84 |   187 |    22 ||   293
       Rpst.: Falchion   |    30 |    21 |       ||    51
       Long sword        |       |    26 |     4 ||    30
